 Dungeon Crawl Stone Soup version 0.28.0 (webtiles) character file.

Game seed: 6816039065057099533

21 pkoi the Gusty (level 2, 0/20 HPs)
             Began as a Draconian Air Elementalist on Feb 10, 2022.
             Slain by an adder (2 damage)
             ... on level 2 of the Dungeon.
             The game lasted 00:01:06 (1425 turns).

pkoi the Gusty (Draconian Air Elementalist)         Turns: 1425, Time: 00:01:06

Health: 0/20       AC:  4    Str: 10    XL:     2   Next: 65%
Magic:  1/5        EV: 12    Int: 15    God:
Gold:   7          SH:  0    Dex: 11    Spells: 4/5 levels left

rFire   . . .      SeeInvis .   c - +0 dagger
rCold   . . .      Faith    .   (no shield)
rNeg    . . .      Spirit   .   (armour unavailable)
rPois   .          Reflect  .   (helmet restricted)
rElec   .          Harm     .   (no cloak)
rCorr   .          Rampage  .   (no gloves)
Will    .....                   (no boots)
Stlth   +.........              (no amulet)
HPRegen 0.06/turn               (no ring)
MPRegen 0.09/turn               (no ring)

@: brilliant, silenced
A: AC +4, unfitting armour, cold-blooded
a: no special abilities


You were on level 2 of the Dungeon.
You visited 1 branch of the dungeon, and saw 2 of its levels.

You collected 7 gold pieces.

Inventory:

Hand Weapons
 c - a +0 dagger (weapon)
Scrolls
 d - 2 scrolls of teleportation {unknown}
 e - 3 scrolls of identify {unknown}


   Skills:
 - Level 1.7 Dodging
 - Level 1.7 Stealth
 - Level 2.0 Spellcasting
 - Level 1.0 Conjurations
 + Level 4.0 Air Magic


You had 4 spell levels left.
You knew the following spells:

 Your Spells              Type           Power      Damage    Failure   Level
a - Shock                 Conj/Air       52%        1d6       8%          1

Your spell library contained the following spells:

 Spells                   Type           Power      Damage    Failure   Level
 Static Discharge         Conj/Air       13%        N/A       12%         2
 Swiftness                Air            20%        N/A       13%         3
 Sandblast                Erth           4%         2d4       22%         1
 Passwall                 Tmut/Erth      1%         N/A       32%         2
 Airstrike                Air            10%        N/A       38%         4
 Stone Arrow              Conj/Erth      8%         3d7       47%         3


Dungeon Overview and Level Annotations

Branches:
Dungeon (2/15)

Altars:


Innate Abilities, Weirdness & Mutations

Your plain brown scales are hard. (AC +4)
You cannot fit into any form of body armour.
You are cold-blooded and may be slowed by cold attacks.


Message History

The adder poisons you!
As you read the scroll labelled TIXOKHL VOIDO, it crumbles to dust.
A profound silence engulfs you.
It was a scroll of silence.
You feel sick. The adder bites you.
* * * LOW HITPOINT WARNING * * *
Magic scrolls do not work when you're silenced!
Okay, then.
Unknown command.
Unknown command.
You hit the adder.
The adder is moderately wounded.
You feel sick. The adder misses you. The adder bites you.
* * * LOW HITPOINT WARNING * * *
You hit the adder.
The adder is moderately wounded.
You feel sick. The adder bites you.
* * * LOW HITPOINT WARNING * * *
You hit the adder but do no damage.
The adder is moderately wounded.
You feel sick. The adder bites you but does no damage.
You hit the adder.
The adder is heavily wounded.
You feel sick.
You are no longer poisoned.
The adder bites you but does no damage. The adder misses you.
Unknown command.
You aren't carrying any potions.
You barely miss the adder.
The adder is heavily wounded.
The adder bites you.
* * * LOW HITPOINT WARNING * * *
You hit the adder but do no damage.
The adder is heavily wounded.
The adder bites you.
* * * LOW HITPOINT WARNING * * *
Unknown command.
You closely miss the adder.
Your tail-slap misses the adder.
The adder is heavily wounded.
The adder bites you.
You die...

.. ...... #. #..?# .##.###..#
.........## #.......g..#
#.####.#h### #.# #.#h# #.#
#.#S# #.# #.#@# #.# #.#.#
#.####.#.### #......#...#
#.####.....# #.####.#########
####............#.###
##.#.#.#.#.#.#.#.#.#.########
#.....^..................<...


You could see an adder, 2 jackals and a goblin.

Vanquished Creatures
  A dart slug (D:2)
  A ball python (D:1)
  2 endoplasms (D:1)
  2 goblins (D:1)
  3 hobgoblins (D:1)
  A jackal (D:2)
  2 kobolds (D:1)
  A quokka (D:2)
  2 bats
  A rat (D:2)
16 creatures vanquished.

Notes
Turn   | Place    | Note
-------+----------+-------------------------------------------
     0 | D:1      | pkoi the Draconian Air Elementalist began the quest for the
                  | Orb.
     0 | D:1      | Reached XP level 1. HP: 14/14 MP: 3/3
   444 | D:1      | Reached XP level 2. HP: 15/20 MP: 1/5
  1354 | D:2      | Reached skill level 4 in Air Magic
  1425 | D:2      | Slain by an adder

Illustrated notes

Levels and vault maps discovered:
D:1:      amcnicky_arrival_blooded_trapdoor, layout_basic
D:2:      layout_loops_ring, hellmonk_ecumenical_altar_zigzags, st_stairs_13,
          kennysheep_cluttered_room, uniq_crazy_yiuf_cottage

Skill      XL: |  1  2 |
---------------+-------+-----
Air Magic      | 4 |  4.0
Dodging        | |  1.7
Stealth        | |  1.7
Spellcasting   | |  2.0
Conjurations   | |  1.0

Action                   || total
-------------------------++-------
Melee: Dagger            ||    20
       Tailslap          ||     1
 Cast: Shock             ||    41
  Use: Scroll            ||     1
       Potion            ||     1
Armor: Skin              ||    10
Dodge: Dodged            ||     9
